 Dungeon Crawl Stone Soup version 0.22.0-5-gf09313c8f9 (webtiles) character file.

893 Flugkiller the Magician (level 8, -5/48 HPs)
             Began as an Octopode Wizard on Aug 13, 2018.
             Shot with an arrow by a centaur (12 damage)
             ... on level 5 of the Dungeon.
             The game lasted 00:13:00 (6723 turns).

Flugkiller the Magician (Octopode Wizard)           Turns: 6723, Time: 00:13:01

Health: -5/48      AC:  1    Str:  6    XL:     8   Next: 6%
Magic:  17/18      EV: 13    Int: 23    God:
Gold:   197        SH:  0    Dex: 10    Spells: 8/19 levels left

rFire    . . .     SeeInvis .   x - +0 spear
rCold    + . .     Gourm    .   (no shield)
rNeg     . . .     Faith    .   a - +0 hat
rPois    .         Spirit   .   (no amulet)
rElec    .         Reflect  .   k - ring of flight
rCorr    .         Harm     .   (no ring)
MR       .....                  (no ring)
Stlth    +++.......             (no ring)
HPRegen  0.16/turn              (no ring)
MPRegen  0.16/turn              (no ring)
                                (no ring)
                                (no ring)

@: no status effects
A: almost no armour, stealthy swim, amphibious, 8 rings, constrict 8, camouflage
1, cold resistance 1, high mp 1, gelatinous body 1
a: Evoke Flight


You were on level 5 of the Dungeon.
You were not hungry.

You visited 1 branch of the dungeon, and saw 5 of its levels.

You collected 197 gold pieces.

Inventory:

Hand Weapons
 t - a +1 mace of protection
 x - a +0 spear (weapon)
Armour
 a - a +0 hat (worn)
 h - a +0 buckler
Jewellery
 d - an uncursed ring of fire {unknown}
 k - a ring of flight (left tentacle)
 u - an uncursed amulet of magic regeneration {unknown}
Wands
 l - a wand of random effects (29)
Scrolls
 b - a scroll of fog {unknown}
 g - 2 scrolls of noise {unknown}
 i - 5 scrolls of identify {unknown}
 j - 3 scrolls of teleportation {unknown}
 m - a scroll of blinking {unknown}
 r - a scroll of remove curse {unknown}
 w - a scroll of enchant armour {unknown}
Potions
 e - a potion of magic {unknown}
 f - a potion of mutation
 n - a potion of heal wounds {unknown}
 o - a potion of lignification {unknown}
 p - a potion of brilliance {unknown}
 q - a potion of haste {unknown}
 s - a potion of ambrosia {unknown}
Comestibles
 c - 6 rations
 z - 3 chunks of flesh


   Skills:
 + Level 1.1 Fighting
 + Level 2.4 Dodging
 - Level 2.6 Stealth
 - Level 6.0 Spellcasting
 - Level 5.2 Conjurations
 - Level 2.3 Summonings
 + Level 1.0 Translocations
 - Level 1.4 Fire Magic
 - Level 1.2 Air Magic
 - Level 1.4 Poison Magic


You had 8 spell levels left.
You knew the following spells:

 Your Spells              Type           Power        Failure   Level  Hunger
a - Magic Dart            Conj           ####         1%          1    None
b - Call Imp              Summ           ###.....     4%          2    None
c - Conjure Flame         Conj/Fire      ###.....     7%          3    #......
d - Mephitic Cloud        Conj/Pois/Air  ###.....     9%          3    #......
r - Blink                 Tloc           N/A          9%          2    None

Your spell library contained the following spells:

 Spells                   Type           Power        Failure   Level  Hunger
 Slow                     Hex            #.......     13%         2    None


Dungeon Overview and Level Annotations

Branches:
Dungeon (5/15)
 Temple: D:4-7

Altars:
Dithmenos
Elyvilon
Uskayaw

Annotations:
D:2 exclusion: downstairs
D:4 exclusion: downstairs, Dowan, Duvessa


Innate Abilities, Weirdness & Mutations

You cannot wear most types of armour.
You are very stealthy in the water. (Stealth+)
You are amphibious.
You can wear up to eight rings at the same time.
You can use your tentacles to constrict eight enemies at once.
Your skin changes colour to match your surroundings (Stealth+).
Your rubbery body absorbs attacks. (AC +1, EV +1)
Your flesh is cold resistant. (rC+)
You have an increased reservoir of magic. (+10% MP)


Message History

Confirm with . or Enter, or press ? or * to list all spells.
You can't see any susceptible monsters within range! (Use Z to cast anyway.)
Casting: Magic Dart (safe; 1% risk of failure)
Confirm with . or Enter, or press ? or * to list all spells.
You can't see any susceptible monsters within range! (Use Z to cast anyway.)
Casting: Magic Dart (safe; 1% risk of failure)
Confirm with . or Enter, or press ? or * to list all spells.
You can't see any susceptible monsters within range! (Use Z to cast anyway.)
Press: ? - help, v - describe, . - travel, g - get item
Here: a centaur, wielding a shortbow and wearing gold dragon scales An arrow.
The floor, spattered with blood.
Unknown command.
The phantom blinks!
The centaur shoots an arrow.
The arrow hits you!
* * * LOW HITPOINT WARNING * * *
You see here an arrow.
You feel better.
The centaur shoots an arrow.
The arrow hits you!
* * * LOW HITPOINT WARNING * * *
The centaur shoots an arrow.
The arrow hits you!
You die...

......c.....#
........>..>#
............#
.........W.##########
.....$....##_'......#
.......?..####......#
.....<....#...)..[.)#
.........((...()....#
..........Zc..รท.@..<#
..............#######
..............#
..............#
o.............#
..............#
.............#
....?......##
...........


You could see a centaur and a howler monkey skeleton.

Vanquished Creatures
  An orc warrior (D:3)
  2 ogres (D:4)
  A crimson imp (D:5)
  2 hounds
  A centaur skeleton (D:4)
  3 orc wizards
  An iguana (D:4)
  7 gnolls
  5 adders
  2 shadow imps
  An adder skeleton (D:5)
  2 worms (D:4)
  3 dart slugs (D:1)
  4 leopard geckos
  8 orcs
  8 bats
  10 giant cockroaches
  7 goblins
  6 hobgoblins
  3 jackals (D:4)
  A quokka (D:3)
  A ball python (D:2)
  7 frilled lizards
  9 kobolds
  A leopard gecko skeleton (D:5)
  8 rats
104 creatures vanquished.

Vanquished Creatures (collateral kills)
  Sigmund (D:2)
  Ijyb (D:3)
  2 worker ants
  2 adders
  A worm (D:2)
  An adder skeleton (D:4)
  A dart slug (D:4)
  6 orcs (D:3)
  A hobgoblin (D:3)
  A quokka (D:3)
  A rat (D:3)
18 creatures vanquished.

Grand Total: 122 creatures vanquished

Notes
Turn   | Place    | Note
-------+----------+-------------------------------------------
     0 | D:1      | Flugkiller the Octopode Wizard began the quest for the Orb.
     0 | D:1      | Reached XP level 1. HP: 11/11 MP: 4/4
   423 | D:1      | Reached XP level 2. HP: 14/17 MP: 0/6
   488 | D:1      | Learned a level 2 spell: Call Imp
   953 | D:1      | Reached XP level 3. HP: 21/21 MP: 4/7
  1761 | D:2      | Learned a level 3 spell: Conjure Flame
  1766 | D:2      | Noticed Sigmund
  1775 | D:2      | Found a white marble altar of Elyvilon.
  2023 | D:2      | Gained mutation: You have an increased reservoir of magic. (+10% MP) [potion of mutation]
  2023 | D:2      | Gained mutation: Your mind is acute. (Int +2) [potion of mutation]
  2023 | D:2      | Lost mutation: Your mind is acute. (Int +2) [potion of mutation]
  2023 | D:2      | Gained mutation: Your flesh is cold resistant. (rC+) [potion of mutation]
  2449 | D:2      | Reached XP level 4. HP: 27/27 MP: 3/10
  2508 | D:2      | Learned a level 3 spell: Mephitic Cloud
  2588 | D:2      | Killed Sigmund
  2588 | D:2      | Reached skill level 1 in Fire Magic
  2588 | D:2      | Reached skill level 1 in Air Magic
  2588 | D:2      | Reached skill level 1 in Poison Magic
  2588 | D:2      | Reached XP level 5. HP: 31/31 MP: 0/11
  2809 | D:2      | Found a faded altar of an unknown god.
  3093 | D:3      | Reached skill level 4 in Spellcasting
  3099 | D:3      | Reached XP level 6. HP: 34/36 MP: 7/13
  3307 | D:3      | Noticed Ijyb
  3307 | D:3      | Noticed an orc warrior
  3320 | D:3      | Killed Ijyb
  3596 | D:3      | Killed an orc warrior
  3774 | D:3      | Learned a level 2 spell: Blink
  4532 | D:4      | Reached XP level 7. HP: 33/41 MP: 8/15
  5152 | D:4      | Reached skill level 5 in Spellcasting
  5154 | D:4      | Noticed a dagger
  5155 | D:4      | Found a hide-covered altar of Uskayaw.
  5155 | D:4      | Noticed a dagger
  5155 | D:4      | Noticed Duvessa
  5156 | D:4      | Noticed Dowan
  5462 | D:4      | Reached skill level 5 in Conjurations
  6086 | D:5      | Entered Level 5 of the Dungeon
  6096 | D:5      | Found a shadowy altar of Dithmenos.
  6139 | D:5      | Reached skill level 6 in Spellcasting
  6360 | D:4      | Reached XP level 8. HP: 25/47 MP: 1/18
  6573 | D:5      | Reached skill level 1 in Fighting
  6723 | D:5      | Shot with an arrow by a centaur

Skill      XL: |  1  2  3  4  5  6  7  8 |
---------------+-------------------------+-----
Conjurations   | 2 3 4 5 |  5.2
Summonings     | 2 |  2.3
Fire Magic     | 1 |  1.4
Air Magic      | 1 |  1.2
Poison Magic   | 1 |  1.4
Spellcasting   | 4 6 |  6.0
Fighting       | 1 |  1.1
Dodging        | |  2.4
Stealth        | |  2.6
Translocations | |  1.0

Action                   |  1- 3 |  4- 6 |  7- 9 || total
-------------------------+-------+-------+-------++-------
Melee: Unarmed           |    30 |    18 |     4 ||    52
       Constrict         |     9 |     5 |     3 ||    17
       Tentacles         |     2 |     1 |     1 ||     4
       Spear             |       |       |    16 ||    16
       Mace              |       |       |     1 ||     1
 Cast: Magic Dart        |    82 |    87 |   111 ||   280
       Call Imp          |     9 |    17 |    10 ||    36
       Mephitic Cloud    |       |     4 |     7 ||    11
       Conjure Flame     |       |     4 |     2 ||     6
       Blink             |       |       |     2 ||     2
  Use: Potion            |     5 |       |     1 ||     6
 Stab: Sleeping          |     1 |       |       ||     1
  Eat: Chunk             |     5 |     6 |     8 ||    19
Armor: Skin              |     8 |     5 |     3 ||    16
Dodge: Dodged            |    40 |    30 |    11 ||    81
